Map: Pillars of Gold LE

Players

MarcoMan - Winner!

  • Race: Protoss Protoss
  • League: Master
  • Spawn Location: 7:00

scplayer

  • Race: Terran Terran
  • League: Master
  • Spawn Location: 1:00

VOD

Have the link to the VOD?

Description

Time

  • Played on: Jan. 17, 2021, 11:02 p.m.
  • Length: 15:41
Show
View Real Time Build Order
Export as new Build Order

MarcoMan Protoss - Winner!

Build Orders: 1 Gate Expand, Blink Stalkers 

Get SALT Encoding   

  12  0:02  Probe  
  13  0:14  Probe  
  13  0:19  Pylon  
  14  0:27  Probe  
  15  0:39  Probe (Chrono Boost)  
  15  0:40  Gateway  
  16  0:51  Probe (Chrono Boost)  
  16  0:52  Assimilator  
  17  0:58  Probe (Chrono Boost)  
  18  1:05  Probe  
  19  1:17  Probe  
  20  1:27  Cybernetics Core  
  20  1:37  Nexus  
  20  1:40  Probe  
  21  1:49  Pylon  
  21  1:57  Probe  
  21  2:00  Assimilator  
  22  2:04  Adept (Chrono Boost)  
  22  2:07  Warp Gate  
  24  2:13  Probe  
  24  2:24  Stalker (Chrono Boost)  
  24  2:25  Probe  
  28  2:37  Probe  
  28  2:44  Twilight Council  
  28  2:49  Probe  
  30  2:58  Probe  
  30  3:01  Probe  
  31  3:10  Gateway, Probe  
  32  3:15  Gateway  
  32  3:21  Probe  
  32  3:22  Probe  
  32  3:26  Shield Battery  
  32  3:29  Sentry (Chrono Boost)  
  32  3:33  Probe  
  35  3:34  Probe, Blink (Chrono Boost)  
  36  3:45  Probe  
  36  3:47  Probe  
  38  3:57  Probe  
  38  3:59  Pylon, Probe  
  40  4:09  Probe  
  41  4:11  Stalker, Robotics Facility, Probe  
  41  4:14  Stalker  
  46  4:20  Pylon  
  46  4:21  Probe  
  47  4:27  Stalker  
  47  4:28  Probe  
  50  4:40  Stalker x2  
  50  4:44  Pylon  
  54  4:53  Probe x2  
  56  5:01  Observer (Chrono Boost)  
  56  5:06  Nexus  
  57  5:07  Pylon  
  57  5:10  Assimilator  
  57  5:14  Assimilator, Observer (Chrono Boost)  
  57  5:17  Stalker x2  
  62  5:22  Charge  
  62  5:28  Shield Battery  
  62  5:29  Shield Battery  
  62  5:37  Zealot  
  64  5:44  Probe  
  64  5:47  Gateway  
  65  5:50  Gateway  
  65  5:53  Forge  
  65  6:03  Immortal (Chrono Boost)  
  65  6:10  Zealot x3  
  75  6:12  Probe  
  75  6:14  Probe  
  77  6:20  Pylon  
  77  6:24  Probe  
  78  6:26  Probe  
  78  6:27  Probe  
  80  6:35  Immortal  
  80  6:36  Probe  
  80  6:38  Probe  
  80  6:39  Probe  
  87  6:40  Sentry  
  87  6:41  Zealot  
  87  6:42  Zealot  
  87  6:46  Pylon  
  93  6:48  Probe  
  93  6:51  Probe x2  
  96  6:54  Zealot x2  
  96  6:58  Protoss Ground Armor Level 1 (Chrono Boost)  
  96  7:00  Probe  
  101  7:01  Robotics Bay  
  101  7:08  Photon Cannon  
  101  7:15  Probe x2, Immortal (Chrono Boost)  
  101  7:20  Zealot  
  109  7:24  Pylon  
  109  7:27  Pylon  
  109  7:29  Forge  
  109  7:42  Probe  
  110  7:44  Probe  
  110  7:48  Colossus (Chrono Boost)  
  111  7:53  Nexus  
  111  7:56  Pylon  
  111  7:57  Probe (Chrono Boost)  
  111  7:58  Probe (Chrono Boost)  
  120  7:59  Templar Archives  
  120  8:00  Protoss Ground Weapons Level 1 (Chrono Boost)  
  120  8:02  Probe (Chrono Boost)  
  120  8:08  Probe (Chrono Boost)  
  120  8:11  Probe (Chrono Boost)  
  120  8:24  Probe x3  
  120  8:26  Psionic Storm  
  123  8:27  Pylon  
  123  8:36  Probe  
  123  8:37  Stargate  
  123  8:39  Probe  
  125  8:44  Photon Cannon  
  125  8:50  Probe  
  125  8:51  Probe  
  127  8:56  Probe  
  127  8:57  Colossus (Chrono Boost)  
  127  9:00  Assimilator  
  134  9:03  Probe x2  
  134  9:05  Assimilator  
  134  9:07  Pylon  
  134  9:08  Probe  
  134  9:09  Pylon  
  137  9:11  Zealot x3  
  137  9:12  Zealot x2, Pylon  
  137  9:15  Probe x2  
  114  9:34  Zealot x4  
  114  9:35  Zealot  
  102  9:56  Zealot x2  
  102  9:57  Zealot x3  
  111  10:04  Gateway  
  111  10:17  Protoss Ground Armor Level 2 (Chrono Boost), Protoss Ground Weapons Level 2 (Chrono Boost), Nexus  
  111  10:18  Colossus (Chrono Boost)  
  111  10:21  Pylon x2  
  111  10:24  High Templar  
  111  10:25  High Templar x3  
  125  10:29  Archon x2  
  125  10:31  Probe x3  
  128  10:39  Assimilator  
  128  10:43  Probe  
  128  10:44  Assimilator  
  129  10:52  Assimilator  
  129  10:53  Zealot  
  129  10:54  Nexus  
  129  10:56  Pylon  
  131  10:57  Assimilator  
  131  10:59  Colossus (Chrono Boost)  
  131  11:02  Gateway  
  131  11:03  Shield Battery  
  137  11:04  Gateway  
  137  11:05  Shield Battery  
  137  11:06  Gateway  
  137  11:10  Dark Shrine  
  137  11:11  Zealot  
  137  11:12  Zealot x4  
  147  11:25  Probe x3  
  149  11:28  Assimilator  
  149  11:31  Zealot  
  152  11:33  Assimilator  
  152  11:36  Pylon  
  152  11:37  Probe  
  153  11:45  High Templar x2  
  153  11:46  High Templar  
  159  11:55  High Templar  
  159  11:58  Zealot x3  
  167  12:03  Extended Thermal Lance  
  167  12:17  Zealot x2  
  167  12:18  Zealot x5  
  167  12:19  Zealot  
  183  12:28  Dark Templar  
  183  13:14  Void Ray  
  183  13:16  Stargate  
  183  13:17  Gateway, Stargate  
  183  13:20  Gateway  
  183  13:21  Gateway  
  183  13:25  Gateway  
  187  13:28  Photon Cannon  
  187  13:30  Photon Cannon  
  187  13:32  Photon Cannon  
  187  13:33  Shield Battery  
  187  13:35  Photon Cannon  
  187  13:37  Photon Cannon  
  187  13:38  Photon Cannon  
  187  13:39  Shield Battery x2  
  187  13:43  Observer  
  187  13:55  Stargate  
  187  13:57  Nexus  
  187  13:59  Pylon  
  187  14:01  Pylon  
  187  14:33  Zealot x3  
  145  14:50  Void Ray x2  
  133  14:59  Fleet Beacon  
  141  15:02  Zealot x3  
  141  15:03  Zealot x5  
  141  15:04  Stalker x2  
  141  15:05  Stalker x3  
  167  15:18  Nexus  
  167  15:19  Assimilator  
  167  15:21  Pylon  
  167  15:23  Assimilator, Pylon  
Show
View Real Time Build Order
Export as new Build Order

scplayer Terran 

Build Orders: Reaper Expand 

Get SALT Encoding   

  12  0:00  SCV  
  13  0:12  SCV  
  14  0:18  Supply Depot  
  14  0:24  SCV  
  15  0:39  SCV  
  15  0:41  Barracks  
  16  0:45  Refinery  
  16  0:51  SCV  
  17  1:04  SCV  
  18  1:16  SCV  
  19  1:28  Reaper  
  19  1:30  Orbital Command  
  20  1:48  Command Center  
  20  1:56  SCV  
  21  2:02  Barracks  
  21  2:04  Barracks Tech Lab  
  21  2:08  SCV  
  22  2:20  SCV  
  23  2:24  Refinery  
  23  2:25  Supply Depot  
  23  2:30  Concussive Shells  
  23  2:43  Barracks  
  23  2:47  Marauder, SCV  
  26  2:59  Barracks Tech Lab  
  26  3:00  SCV  
  26  3:03  Engineering Bay  
  26  3:04  Orbital Command  
  27  3:15  Supply Depot  
  27  3:26  Marauder  
  31  3:27  Marauder, Stimpack  
  31  3:28  SCV  
  31  3:31  Barracks Reactor  
  31  3:32  SCV  
  33  3:40  SCV  
  34  3:44  Bunker  
  34  3:47  Terran Infantry Weapons Level 1  
  34  3:51  SCV  
  34  3:53  Marine  
  34  3:54  Marine  
  37  3:56  SCV  
  37  4:01  Missile Turret  
  38  4:03  Missile Turret  
  38  4:04  SCV  
  38  4:08  SCV  
  40  4:11  Missile Turret  
  40  4:15  Combat Shield  
  40  4:16  Missile Turret  
  40  4:19  SCV  
  41  4:25  Missile Turret  
  41  4:26  SCV  
  42  4:33  Factory  
  42  4:36  Marine x3  
  42  4:37  Marine  
  46  4:38  SCV  
  46  4:44  Supply Depot  
  47  4:46  Supply Depot  
  47  4:51  SCV  
  47  4:52  SCV  
  49  4:57  Marine x4  
  53  5:03  SCV  
  53  5:04  Supply Depot  
  53  5:06  SCV  
  55  5:16  SCV  
  55  5:18  SCV  
  55  5:19  Factory Reactor, Starport  
  55  5:21  Marine x3  
  60  5:29  Barracks Reactor  
  60  5:32  SCV x2  
  60  5:34  Barracks  
  62  5:37  Supply Depot  
  62  5:44  Marine x2  
  62  5:46  Terran Infantry Armor Level 1  
  62  5:47  Barracks Reactor, Barracks, SCV x2  
  66  5:59  SCV x2  
  68  6:06  Medivac  
  68  6:07  Medivac  
  68  6:08  Marine  
  68  6:09  Marine x3  
  76  6:16  Missile Turret  
  76  6:21  Factory Reactor  
  76  6:23  Marauder  
  78  6:26  SCV x2  
  78  6:32  Refinery  
  80  6:34  Refinery  
  80  6:35  Command Center  
  80  6:37  Marauder  
  80  6:38  Marine x2  
  84  6:41  Marine x2  
  86  6:47  Supply Depot  
  86  6:48  Supply Depot  
  86  6:49  Supply Depot  
  86  7:09  Medivac x2, Marauder, Hellion x2, SCV x2, Marine x2  
  86  7:10  Marauder  
  86  7:11  Marine x4  
  106  7:24  Sensor Tower  
  106  7:36  Command Center  
  106  7:40  Supply Depot  
  106  7:43  Supply Depot  
  106  7:51  Command Center  
  106  7:54  Medivac x2  
  106  7:58  Armory  
  110  7:59  Engineering Bay  
  110  8:00  Neosteel Armor  
  110  8:03  Marauder, Marine x3  
  110  8:04  Marine  
  116  8:36  Refinery  
  116  8:38  Missile Turret, Refinery  
  116  8:39  Missile Turret  
  116  8:40  Planetary Fortress, Sensor Tower  
  116  8:41  Missile Turret  
  116  8:42  Missile Turret  
  116  8:43  SCV  
  116  8:46  Missile Turret  
  117  8:55  SCV x2  
  118  9:07  SCV  
  118  9:08  SCV  
  90  9:51  Marauder  
  90  9:52  Marauder, Marine x5  
  98  9:53  Marine  
  98  9:54  Medivac x2, Hellion x2  
  100  10:13  Orbital Command  
  93  10:18  SCV x2  
  93  10:19  Orbital Command  
  93  10:21  Marauder x2  
  99  10:27  Factory  
  98  10:28  Factory  
  98  10:31  Factory  
  98  10:33  Viking x2  
  98  10:34  Terran Infantry Weapons Level 2  
  98  10:35  Terran Infantry Armor Level 2  
  102  10:37  Barracks Reactor, Terran Vehicle Weapons Level 1  
  102  10:38  Barracks Reactor  
  102  10:52  Sensor Tower  
  102  10:54  Marauder x2  
  106  10:59  Hellion x2  
  106  11:03  SCV x3  
  106  11:04  SCV x2  
  115  11:06  Sensor Tower  
  115  11:15  Barracks Tech Lab  
  115  11:23  Command Center  
  115  11:33  Siege Tank  
  118  11:41  Siege Tank  
  121  11:51  Hellion  
  121  11:52  Hellion  
  121  11:53  Viking x2  
  129  11:55  Barracks Tech Lab  
  129  12:06  Siege Tank  
  132  12:12  Siege Tank  
  132  12:13  Missile Turret  
  132  12:15  Sensor Tower  
  135  12:21  Barracks Tech Lab  
  135  12:23  Missile Turret  
  135  12:25  SCV  
  135  12:26  SCV x2  
  135  12:29  Barracks Tech Lab  
  136  12:38  Hellion  
  136  12:39  Hellion, Siege Tank x2  
  136  12:43  Sensor Tower  
  145  12:44  Siege Tank  
  145  12:46  Factory  
  145  12:47  Factory  
  148  13:01  Refinery  
  148  13:02  Missile Turret  
  148  13:03  Hellion x2  
  148  13:04  Missile Turret, Refinery  
  148  13:05  Missile Turret  
  152  13:06  Terran Vehicle And Ship Armor Level 1  
  152  13:07  Missile Turret  
  152  13:09  Missile Turret  
  152  13:11  Siege Tank x2  
  158  13:23  Siege Tank  
  158  13:25  Hellion  
  158  13:26  Hellion  
  165  13:43  Siege Tank  
  165  13:44  Siege Tank  
  171  13:49  Missile Turret x2  
  171  13:50  Sensor Tower  
  171  13:53  Missile Turret  
  171  13:54  Orbital Command  
  171  13:55  Siege Tank  
  174  13:58  Armory  
  174  14:10  Refinery  
  174  14:12  Missile Turret  
  174  14:15  Siege Tank, Refinery  
  174  14:16  Siege Tank  
  180  14:28  Siege Tank  
  183  14:37  Marine  
  169  14:45  Hellion x3  
  116  14:48  Siege Tank x2  
  95  15:00  Siege Tank  
  95  15:01  Hellion  
  100  15:08  Hellion x2  
  100  15:09  Hellion  
Tags
 
Add a new tag
Caveats
  • Supply blocks, unpowered buildings, or Contaminate may cause inaccurate times.
  • Supply counts are checked every 10 seconds.